 Dungeon Crawl Stone Soup version 0.28.0-1-gb440e238dd (webtiles) character file.

Game seed: 6967698388883946649

67 graymark the Insei (level 4, -1/26 HPs)
             Began as an Octopode Transmuter on Feb 22, 2022.
             Was a Follower of Hepliaklqana.
             Slain by an ufetubus (4 damage)
             ... on level 4 of the Dungeon.
             The game lasted 00:10:52 (3675 turns).

graymark the Insei (Octopode Transmuter)            Turns: 3675, Time: 00:10:53

Health: -1/26      AC:  1    Str:  9    XL:     4   Next: 16%
Magic:  4/7        EV: 13    Int: 15    God:    Hepliaklqana [*.....]
Gold:   48         SH:  5    Dex: 14    Spells: 3/7 levels left

rFire   . . .      SeeInvis .     - Unarmed
rCold   . . .      Faith    .   (no shield)
rNeg    . . .      Spirit   .   (helmet restricted)
rPois   .          Reflect  +   o - amulet of reflection
rElec   .          Harm     .   (no ring)
rCorr   .          Rampage  .   (no ring)
Will    .....                   (no ring)
Stlth   ++........              (no ring)
HPRegen 0.08/turn               (no ring)
MPRegen 0.10/turn               (no ring)
                                (no ring)
                                (no ring)

@: wereblooded
A: reduced essence, almost no armour, amphibious, 8 rings, camouflage 1,
gelatinous body 1, (nimble swimmer 1), tentacles
a: Renounce Religion, Recall Ancestor, Ancestor Identity


You were on level 4 of the Dungeon.
You worshipped Hepliaklqana.
Hepliaklqana was aware of your devotion.
You visited 1 branch of the dungeon, and saw 4 of its levels.

You collected 48 gold pieces.

Inventory:

Missiles
 c - 10 poisoned darts
 m - 36 stones (quivered)
Magical Staves
 f - a staff of fire
Jewellery
 o - an amulet of reflection (around mantle)
Scrolls
 g - a scroll of holy word {unknown}
 h - a scroll of noise {unknown}
 i - a scroll of teleportation {unknown}
 k - a scroll of magic mapping {unknown}
 l - a scroll of summoning {unknown}
 n - a scroll of amnesia {unknown}
Potions
 a - 2 potions of magic {unknown}
 b - 3 potions of curing
 d - 2 potions of invisibility
 e - a potion of brilliance
 j - a potion of might {unknown}


   Skills:
 + Level 1.8 Fighting
 + Level 2.5 Dodging
 + Level 3.4 Unarmed Combat
 + Level 2.4 Spellcasting
 + Level 2.6 Transmutations


You had 3 spell levels left.
You knew the following spells:

 Your Spells              Type           Power      Damage    Failure   Level
a - Beastly Appendage     Tmut           18%        N/A       7%          1
b - Wereblood             Tmut           9%         N/A       11%         2
c - Sting                 Tmut/Pois      20%        1d4       12%         1

Your spell library contained the following spells:

 Spells                   Type           Power      Damage    Failure   Level
 Shock                    Conj/Air       4%         1d3       22%         1
 Summon Small Mammal      Summ           4%         N/A       22%         1
 Spider Form              Tmut/Pois      5%         N/A       36%         3
 Call Canine Familiar     Summ           1%         N/A       54%         3
 Summon Guardian Golem    Hex/Summ       1%         N/A       54%         3
 Swiftness                Air            1%         N/A       54%         3
 Ice Form                 Ice/Tmut       5%         N/A       77%         4
 Airstrike                Air            0%         N/A       91%         4
 Leda's Liquefaction      Hex/Erth       0%         N/A       91%         4
 Alistair's Intoxication  Tmut/Pois      3%         N/A       98%         5
 Lee's Rapid Deconstruct  Erth           0%         3d5*      99%         5
 Manifold Assault         Tloc           1%         N/A       99%         5
 Dispersal                Tloc           0%         N/A       100%        6
 Statue Form              Tmut/Erth      3%         N/A       100%        6


Dungeon Overview and Level Annotations

Branches:
Dungeon (4/15)
 Temple: D:4-7

Altars:
Hepliaklqana
Lugonu

Portals:
Abyss: D:3

Annotations:
D:4 Grinder


Innate Abilities, Weirdness & Mutations

Your life essence is reduced to manifest your ancestor. (-10% HP)
You cannot wear most types of armour.
You are amphibious.
You can wear up to eight rings at the same time.
Your skin changes colour to match your surroundings (Stealth+).
Your rubbery body absorbs attacks. (AC +1, EV +1)
((You are camouflaged when in or above water. (Stealth+)))
You have tentacles for arms and can constrict up to eight enemies at once.


Message History

Grinder closely misses you.
You tentacle-slap Grinder but do no damage.
Grinder is lightly wounded.
You constrict Grinder. The ufetubus hits you. The ufetubus closely misses you.
Grinder hits you!
You writhe in agony.
You block the ufetubus's attack. The ufetubus closely misses you.
You are too injured to fight recklessly!
You are too injured to fight recklessly!
You are too injured to fight recklessly!
You tentacle-slap Grinder but do no damage.
Grinder is lightly wounded.
You constrict Grinder.
The adder bites Eideard.
The ufetubus barely misses you.
The ufetubus hits you but does no damage.
The adder bites Eideard.
Grinder hits you.
* * * LOW HITPOINT WARNING * * *
You writhe in agony.
* * * LOW HITPOINT WARNING * * *
You tentacle-slap Grinder.
Grinder is lightly wounded.
You constrict Grinder. The ufetubus closely misses you. x2
The adder bites Eideard.
Grinder closely misses you.
You tentacle-slap Grinder.
Grinder is moderately wounded.
You constrict Grinder. The ufetubus completely misses you.
You block the ufetubus's attack.
The adder bites Eideard.
The ufetubus hits you.
* * * LOW HITPOINT WARNING * * *
You block the ufetubus's attack.
Your magical contamination has completely faded away.
You tentacle-slap Grinder.
Grinder is moderately wounded.
You constrict Grinder. Grinder barely misses you.
The adder bites Eideard.
The ufetubus hits you.
* * * LOW HITPOINT WARNING * * *
The ufetubus barely misses you.
You tentacle-slap Grinder but do no damage.
Grinder is moderately wounded.
You constrict Grinder, but do no damage.
The adder bites Eideard.
The ufetubus hits you.
You die...

# ......
#.#.....
#.#....##
##.......#
.........#####
.............+
.......<..#
..........#
.......@..#
......R55.#
###....S..#
#...(..##
#..(...#
#.(....#
#.......
........


You could see the friendly Eideard the ancestor (paralysed), Grinder, an adder
(ally target) and an ufetubus.

Vanquished Creatures
  2 adders
  3 worms
  2 dart slugs
  5 bats
  2 giant cockroaches
  5 goblins
  3 hobgoblins
  A kobold (D:3)
  5 quokkas
  2 ball pythons
  A frilled lizard (D:1)
  2 rats
  A lurking horror (D:3)
34 creatures vanquished.

Vanquished Creatures (collateral kills)
  A quokka (D:3)
1 creature vanquished.

Vanquished Creatures (others)
  2 ancestors
  A lurking horror (D:3)
3 creatures vanquished.

Grand Total: 38 creatures vanquished

Notes
Turn   | Place    | Note
-------+----------+-------------------------------------------
     0 | D:1      | graymark the Octopode Transmuter began the quest for the
                  | Orb.
     0 | D:1      | Reached XP level 1. HP: 13/13 MP: 3/3
   358 | D:1      | Reached XP level 2. HP: 10/18 MP: 5/5
   953 | D:1      | Got the Tome of Orientation and Contamination
  1393 | D:2      | Found a faded altar of an unknown god.
  1404 | D:2      | Prayed at the altar of an unknown god.
  1404 | D:2      | Became a worshipper of Hepliaklqana the Forgotten
  1404 | D:2      | Reached * piety under Hepliaklqana
  1751 | D:2      | Reached XP level 3. HP: 20/20 MP: 6/6
  2736 | D:3      | Found a one-way gate to the infinite horrors of the Abyss.
  2737 | D:3      | Found a corrupted altar of Lugonu.
  3187 | D:3      | Reached XP level 4. HP: 25/26 MP: 7/7
  3496 | D:3      | Learned a level 2 spell: Wereblood
  3498 | D:3      | Learned a level 1 spell: Sting
  3660 | D:4      | Noticed Grinder
  3675 | D:4      | Slain by an ufetubus

Illustrated notes

Levels and vault maps discovered:
D:1:      dpeg_chamrin_arrival_tetris, layout_basic, serial_bayou_pond_e,
          minmay_tripent
D:2:      layout_basic, ebering_ecumenical_altar_box, nrook_campfire
D:3:      layout_loops_ring, amcnicky_altar_lugonu_corruption
D:4:      layout_basic, uniq_grinder

Action                   |  1- 3 |  4- 6 || total
-------------------------+-------+-------++-------
Melee: Unarmed           |    67 |    19 ||    86
       Tentacles         |    13 |     4 ||    17
       Constrict         |    20 |     5 ||    25
       Punch             |     3 |       ||     3
Throw: Stone             |       |     3 ||     3
 Cast: Beastly Appendage |     3 |       ||     3
       Sting             |       |     2 ||     2
       Wereblood         |       |     1 ||     1
  Use: Scroll            |     3 |       ||     3
 Stab: Sleeping          |     6 |     3 ||     9
Armor: Skin              |     7 |     1 ||     8
Dodge: Dodged            |    41 |    22 ||    63
Block: Other             |       |     3 ||     3
